 Dungeon Crawl Stone Soup version 0.30.1-11-g7821555f0a (webtiles) character file.

Game seed: 3823016575972728869

59 Nonny the Ducker (level 4, 0/34 HPs)
             Began as a Merfolk Gladiator on Dec 2, 2023.
             Slain by a kobold
             ... wielding a +0 dagger
              (3 damage)
             ... on level 2 of the Dungeon.
             The game lasted 00:06:13 (1353 turns).

Nonny the Ducker (Merfolk Gladiator)                Turns: 1353, Time: 00:06:14

Health: 0/34       AC:  3    Str: 16    XL:     4   Next: 3%
Magic:  4/4        EV: 13    Int: 13    God:
Gold:   51         SH:  0    Dex: 15    Spells: 2/3 levels left

rFire   . . .        a - +0 flail
rCold   . . .        (no shield)
rNeg    . . .        m - +0 robe
rPois   .            (no helmet)
rElec   .            j - +0 cloak
rCorr   .            (no gloves)
SInv    .            (no boots)
Will    .....        (no amulet)
Stlth   ++           f - +6 ring of intelligence
HPRegen 0.25/turn    p - ring of wizardry
MPRegen 0.09/turn

%: wizardry (x1)
@: no status effects
A: (nimble swimmer 2), mertail
a: no special abilities


You were on level 2 of the Dungeon.
You visited 1 branch of the dungeon, and saw 2 of its levels.

You collected 51 gold pieces.

Inventory:

Hand Weapons
 a - a +0 flail (weapon)
Missiles
 b - 3 boomerangs of dispersal
 d - 3 throwing nets
 e - a javelin
 i - 6 stones (quivered)
 o - 6 boomerangs
Armour
 j - a +0 cloak (worn)
 m - a +0 robe (worn)
Jewellery
 f - a +6 ring of intelligence (left hand)
 p - a ring of wizardry (right hand)
Scrolls
 c - a scroll of vulnerability {unknown}
 g - a scroll of fear {unknown}
 h - a scroll of immolation {unknown}
 l - 2 scrolls of butterflies {unknown}
 n - a scroll of identify {unknown}


   Skills:
 + Level 2.7 Fighting
 + Level 3.2 Maces & Flails
 + Level 2.1 Throwing
 - Level 4.0 Dodging
 * Level 2.0 Stealth


You had 2 spell levels left.
You knew the following spells:

 Your Spells              Type           Power      Damage    Failure   Level
a - Apportation           Tloc           0%         N/A       12%         1

Your spell library contained the following spells:

 Spells                   Type           Power      Damage    Failure   Level
 Ignite Poison            Fire/Tmut/Pois 0%         N/A       34%         3
 Sticky Flame             Conj/Fire      0%         2d3       73%         4
 Alistair's Intoxication  Tmut/Pois      0%         N/A       96%         5
 Ignition                 Fire           0%         3d3       100%        8


Dungeon Overview and Level Annotations

Branches:
Dungeon (2/15)

Altars:

Shops:
D:1 (


Innate Abilities, Weirdness & Mutations

((You are very nimble when in or above water. (Stealth+, EV+, Speed+++)))
Your lower body shifts to a powerful aquatic tail in water.


Message History

You feel sick. The adder completely misses you.
Unknown command.
Throw: 4 boomerangs (disperse)
Press: ? - help, Shift-Dir - straight line, f/p - adder
Aim: an adder (lightly wounded, 42% to hit)
You throw a boomerang of dispersal.
The boomerang of dispersal closely misses the adder.
You feel sick.
You are no longer poisoned.
The adder bites you.
You thump the adder!
You kill the adder!
The frilled lizard bites you but does no damage.
Unknown command.
You miss the frilled lizard. The frilled lizard misses you.
Unknown command.
You thump the frilled lizard!
You kill the frilled lizard!
The dart slug launches a dart at you. The slug dart hits you.
* * * LOW HITPOINT WARNING * * *
Things that are here:
3 throwing nets; a frilled lizard corpse; an adder corpse Unknown command.
You sock the dart slug!
The dart slug is severely wounded.
The dart slug launches a dart at you. The slug dart hits you.
* * * LOW HITPOINT WARNING * * *
Unknown command.
You hit the dart slug.
You kill the dart slug!
The kobold hits you with a +0 dagger.
* * * LOW HITPOINT WARNING * * *
Your Stealth skill increases to level 2!
You have reached level 4!
d - 3 throwing nets The kobold misses you.
You miss the kobold. The kobold hits you with a +0 dagger.
You die...

####### .......
.......
w.)....##########.#
.......K@..>......#
.......####..######
....... #..#
....... #..#
....... #..#
....... #..#
K...... #..#
....... #..# #..#


You could see a kobold.

Vanquished Creatures
  2 adders (D:2)
  3 dart slugs
  5 endoplasms
  2 giant cockroaches (D:1)
  3 goblins (D:1)
  A hobgoblin (D:1)
  2 jackals (D:1)
  A quokka (D:1)
  2 ball pythons (D:2)
  4 bats
  6 frilled lizards
  A kobold (D:1)
  3 rats (D:1)
35 creatures vanquished.

Notes
Turn   | Place    | Note
-------+----------+-------------------------------------------
     0 | D:1      | Nonny the Merfolk Gladiator began the quest for the Orb.
     0 | D:1      | Reached XP level 1. HP: 16/16 MP: 1/1
   201 | D:1      | Reached XP level 2. HP: 19/22 MP: 2/2
   221 | D:1      | Reached skill level 1 in Stealth
   318 | D:1      | Found Mayroc's Weapon Shoppe.
   569 | D:1      | Reached XP level 3. HP: 28/28 MP: 3/3
  1192 | D:2      | Learned a level 1 spell: Apportation
  1352 | D:2      | Reached XP level 4. HP: 3/34 MP: 4/4
  1353 | D:2      | Slain by a kobold

Illustrated notes

Levels and vault maps discovered:
D:1:      noname_arrival_rooms_in_the_neighbourhood, layout_rooms, serial_shops,
          nicolae_shop_bloodbath_and_beyond
D:2:      layout_basic

Skill      XL: |  1  2  3 |
---------------+----------+-----
Stealth        | 1 2 |  2.0
Maces & Flails | 3 |  3.2
Fighting       | |  2.7
Throwing       | |  2.1
Dodging        | |  4.0

Action                     |  1- 3 |  4- 6 || total
---------------------------+-------+-------++-------
  Melee: Flail             |   116 |     1 ||   117
         Punch             |     5 |       ||     5
  Throw: Stone             |    13 |       ||    13
         Throwing net      |     3 |       ||     3
         Boomerang         |     1 |       ||     1
    Use: Potion            |     2 |       ||     2
   Stab: Sleeping          |     2 |       ||     2
 Armour: Robe              |     7 |       ||     7
  Dodge: Dodged            |    95 |     1 ||    96
